 Dungeon Crawl Stone Soup version 0.22.0-5-gf09313c8f9 (webtiles) character file.

126 IcyTea the Shooter (level 4, 0/35 HPs)
             Began as a Draconian Arcane Marksman on Aug 14, 2018.
             Killed from afar by an orc wizard (4 damage)
             ... with a magic dart
             ... on level 3 of the Dungeon.
             The game lasted 00:09:30 (1900 turns).

IcyTea the Shooter (Draconian Arcane Marksman)      Turns: 1900, Time: 00:09:31

Health: 0/35       AC:  6    Str: 12 (13) XL:     4   Next: 83%
Magic:  5/5        EV: 12    Int: 13      God:
Gold:   115        SH:  0    Dex: 11 (12) Spells: 2/5 levels left

rFire    . . .     SeeInvis .   a - +0 shortbow
rCold    . . .     Gourm    .   (shield currently unavailable)
rNeg     . . .     Faith    .   (armour unavailable)
rPois    .         Spirit   .   (helmet restricted)
rElec    .         Reflect  .   (no cloak)
rCorr    +         Harm     .   m - +0 pair of gloves
MR       .....                  (no boots)
Stlth    +.........             g - amulet of the acrobat
HPRegen  0.11/turn              l - ring of resist corrosion
MPRegen  0.09/turn              (no ring)

@: no status effects
A: unfitting armour, cold-blooded, AC +5
a: no special abilities


You were on level 3 of the Dungeon.
You were not hungry.

You visited 1 branch of the dungeon, and saw 3 of its levels.

You collected 115 gold pieces.

Inventory:

Hand Weapons
 a - a +0 shortbow (weapon)
 b - a +0 mace
Missiles
 c - 40 arrows (quivered)
Armour
 m - a +0 pair of gloves (worn)
Jewellery
 g - an amulet of the acrobat (around neck)
 l - a ring of resist corrosion (left hand)
Scrolls
 e - 2 scrolls of identify
 h - a scroll of teleportation {unknown}
 i - a scroll of remove curse {unknown}
Potions
 f - 4 potions of curing
 j - a potion of heal wounds
 k - a potion of berserk rage {unknown}
Comestibles
 d - 9 rations


   Skills:
 - Level 1.1 Fighting
 + Level 4.6 Bows
 - Level 1.7 Dodging
 - Level 1.0 Spellcasting
 - Level 2.6 Hexes


You had 2 spell levels left.
You knew the following spells:

 Your Spells              Type           Power        Failure   Level  Hunger
a - Corona                Hex            #......      10%         1    ##.....
b - Slow                  Hex            #.......     14%         2    ###....

Your spell library contained the following spells:

 Spells                   Type           Power        Failure   Level  Hunger
 Cause Fear               Hex            #.........   67%         4    #####..
 Portal Projectile        Hex/Tloc       #.....       43%         3    ####...
 Leda's Liquefaction      Hex/Erth       #.........   85%         4    #####..
 Inner Flame              Hex/Fire       #.......     43%         3    ####...


Dungeon Overview and Level Annotations

Branches:
Dungeon (3/15)

Altars:


Innate Abilities, Weirdness & Mutations

Your plain brown scales are hard. (AC +5)
You cannot fit into any form of body armour.
You are cold-blooded and may be slowed by cold attacks.


Message History

The puff of flame hits you!
You open the door.
There is an open door here.
The orc wizard gestures at you while chanting.
The magic dart hits you!
* * * LOW HITPOINT WARNING * * *
The orc wizard gestures at you while chanting.
The puff of flame misses you.
You see here a short sword.
The orc wizard looks satisfied for a moment.
The orc wizard is no longer moving quickly.
The orc wizard closely misses you. The orc wizard casts a spell at you.
The magic dart hits you!
* * * LOW HITPOINT WARNING * * *
The orc wizard looks satisfied for a moment.
There is a stone staircase leading up here.
The orc wizard gestures at you while chanting.
The magic dart hits you!
You die...

#.................).........
#######.#...####.#.###......
#.#.### #.#.# #.##...
#.#.######.#.# #.##...
#.#.#......#.# #.##...
#.#.#o######.###.##...
#.#.#.#..#.....#.##...
#.#.#....#.#.#.#.###..
#.#@..##...#.#.# #..
#.##########.#.# #..
#............#.# #..
#.####...#######.# #.#
#...............
######...####### ###...#
#.....# #.....#


You could see an orc wizard.

Vanquished Creatures
  An orc wizard (D:3)
  An adder (D:2)
  An ooze (D:2)
  A worm (D:2)
  4 dart slugs
  2 leopard geckos (D:1)
  4 orcs (D:2)
  2 ball pythons
  5 giant cockroaches
  4 goblins (D:1)
  6 hobgoblins
  6 jackals
  10 bats
  7 frilled lizards
  9 kobolds
  4 rats
67 creatures vanquished.

Notes
Turn   | Place    | Note
-------+----------+-------------------------------------------
     0 | D:1      | IcyTea the Draconian Arcane Marksman began the quest for the Orb.
     0 | D:1      | Reached XP level 1. HP: 16/16 MP: 2/2
    20 | D:1      | Reached skill level 2 in Bows
   106 | D:1      | Reached XP level 2. HP: 23/23 MP: 3/3
   152 | D:1      | Learned a level 2 spell: Slow
   268 | D:1      | Reached skill level 3 in Bows
   476 | D:1      | Reached XP level 3. HP: 28/28 MP: 4/4
  1288 | D:2      | Reached skill level 4 in Bows
  1288 | D:2      | Reached XP level 4. HP: 35/35 MP: 5/5
  1855 | D:3      | Noticed an orc warrior
  1900 | D:3      | Killed from afar by an orc wizard

Skill      XL: |  1  2  3 |
---------------+----------+-----
Bows           | 2 3 4 |  4.6
Fighting       | |  1.1
Dodging        | |  1.7
Spellcasting   | |  1.0
Hexes          | |  2.6

Action                   |  1- 3 |  4- 6 || total
-------------------------+-------+-------++-------
Melee: Club              |     2 |       ||     2
       Tailslap          |     1 |     2 ||     3
       Mace              |       |     4 ||     4
 Fire: Shortbow          |   109 |    64 ||   173
 Cast: Corona            |     1 |     1 ||     2
  Use: Scroll            |     1 |       ||     1
       Potion            |     1 |     3 ||     4
  Eat: Chunk             |     1 |     2 ||     3
Armor: Skin              |    11 |    15 ||    26
Dodge: Dodged            |    41 |    28 ||    69
